 Dungeon Crawl Stone Soup version 0.30-a0-808-g6e0788376e (webtiles) character file.

Game seed: 16721244288232481854

130 cforsyth the Sneak (level 5, -5/32 HPs)
             Began as a Kobold Brigand on Feb 25, 2023.
             Killed by divine providence
             ... invoked by an orc priest
              (11 damage)
             ... on level 4 of the Dungeon.
             The game lasted 00:02:28 (2443 turns).

cforsyth the Sneak (Kobold Brigand)                 Turns: 2443, Time: 00:02:29

Health: -5/32      AC:  7    Str:  8    XL:     5   Next: 36%
Magic:  5/5        EV: 15    Int: 13    God:
Gold:   209        SH:  0    Dex: 18    Spells: 4/4 levels left

rFire   . . .      SeeInvis .    a - +2 dagger
rCold   . . .      Faith    .    (no shield)
rNeg    . . .      Spirit   .    b - +0 robe
rPois   .          Reflect  .    (no helmet)
rElec   .          Harm     .    c - +0 cloak
rCorr   .          Rampage  .    (no gloves)
Will    +....      Rnd*Tele +    (no boots)
Stlth   ++++                     (no amulet)
HPRegen 0.25/turn                t - +4 ring of protection
MPRegen 0.09/turn                (no ring)

@: mighty
A: small, no large weapons, nightstalker 3, strong-willed 1, teleportitis 1
a: no special abilities


You were on level 4 of the Dungeon.
You visited 1 branch of the dungeon, and saw 4 of its levels.

You collected 209 gold pieces.

Inventory:

Hand Weapons
 a - a +2 dagger (weapon)
Missiles
 d - 15 poisoned darts (quivered)
 e - 3 curare-tipped darts
Armour
 b - a +0 robe (worn)
 c - a +0 cloak (worn)
Jewellery
 t - a +4 ring of protection (left hand)
 x - a ring of ice
Scrolls
 f - a scroll of enchant armour {unknown}
 j - a scroll of immolation {unknown}
 k - a scroll of acquirement {unknown}
 l - a scroll of vulnerability {unknown}
 n - a scroll of poison {unknown}
 o - a scroll of fear {unknown}
 p - 2 scrolls of fog {unknown}
 q - 2 scrolls of blinking {unknown}
 r - a scroll of identify {unknown}
 u - 2 scrolls of teleportation {unknown}
Potions
 g - 2 potions of might
 h - 3 potions of mutation
 i - a potion of heal wounds {unknown}
 m - 2 potions of haste {unknown}
 s - a potion of flight {unknown}
 v - a potion of cancellation {unknown}
 w - a potion of brilliance {unknown}
 z - 2 potions of lignification {unknown}
 A - a potion of degeneration {unknown}


   Skills:
 + Level 3.3 Fighting
 + Level 4.1 Short Blades
 - Level 2.1 Throwing
 + Level 3.0 Dodging
 + Level 6.3 Stealth


You had 4 spell levels left.
You didn't know any spells.
Your spell library contained the following spells:

 Spells                   Type           Power      Damage    Failure   Level
 Sandblast                Erth           0%         2d4       30%         1
 Passwall                 Tmut/Erth      0%         N/A       43%         2
 Stone Arrow              Conj/Erth      0%         3d7       67%         3


Dungeon Overview and Level Annotations

Branches:
Dungeon (4/15)
 Temple: D:4-7

Altars:
Gozag
Uskayaw

Annotations:
D:2 1 runed translucent door, Crazy Yiuf


Innate Abilities, Weirdness & Mutations

You are small and have problems with some larger weapons.
You are completely attuned to the shadows.
You are strong-willed. (Will+)
You are occasionally teleported next to monsters.


Message History

The orc priest is moderately wounded.
The orc hits you but does no damage. The orc priest misses you.
The orc priest barely misses you. The orc misses you.
You hit the orc priest.
The orc priest is heavily wounded.
You hit the orc priest but do no damage.
The orc priest is heavily wounded.
The orc priest closely misses you. The orc barely misses you. x2
The orc priest hits you but does no damage.
You hit the orc priest.
The orc priest is almost dead.
The orc hits you with a +0 flail.
The orc priest calls down the wrath of Beogh upon you.
Beogh smites you!
* * * LOW HITPOINT WARNING * * *
The orc priest closely misses you. The orc barely misses you.
It was a potion of mutation.
You feel extremely strange.
You feel weirdly uncertain.
You feel strong-willed. The orc hits you with a +0 flail.
* * * LOW HITPOINT WARNING * * *
The orc misses you. The orc priest closely misses you.
The orc priest hits you but does no damage.
It was a potion of might.
You feel very mighty all of a sudden. The orc barely misses you.
The orc hits you but does no damage. The orc priest misses you.
The orc priest hits you but does no damage.
You puncture the orc priest!
You kill the orc priest!
The orc closely misses you. The orc barely misses you.
The orc priest hits you but does no damage.
Your Short Blades skill increases to level 4!
Your Dodging skill increases to level 3!
Unknown command.
Unknown command.
You completely miss the orc priest. The orc barely misses you.
The orc hits you but does no damage.
The orc priest calls down the wrath of Beogh upon you.
Beogh smites you!
You die...

###..... #.....?.
##.......
####....o...
######......@o...
##........###)o...
.......#### ##....
........# ....
.........# #.#.
..........#
..........#
..........
.........


You could see an orc priest and 2 orcs.

Vanquished Creatures
  2 orc priests
  A worm (D:2)
  2 dart slugs
  5 orcs (D:3)
  7 ball pythons
  8 bats
  3 endoplasms
  2 giant cockroaches (D:1)
  5 goblins
  4 hobgoblins
  2 quokkas
  2 frilled lizards
  5 kobolds
  8 rats
56 creatures vanquished.

Notes
Turn   | Place    | Note
-------+----------+-------------------------------------------
     0 | D:1      | cforsyth the Kobold Brigand began the quest for the Orb.
     0 | D:1      | Reached XP level 1. HP: 12/12 MP: 1/1
   170 | D:1      | Reached XP level 2. HP: 18/18 MP: 2/2
   499 | D:1      | Reached XP level 3. HP: 22/22 MP: 3/3
  1016 | D:2      | Found a runed translucent door.
  1019 | D:2      | Noticed Crazy Yiuf
  1539 | D:2      | Reached XP level 4. HP: 27/27 MP: 4/4
  1664 | D:2      | Reached skill level 6 in Stealth
  1817 | D:3      | Found a hide-covered altar of Uskayaw.
  1973 | D:3      | Reached XP level 5. HP: 32/32 MP: 5/5
  2151 | D:3      | Found an opulent altar of Gozag.
  2440 | D:4      | Gained mutation: You are occasionally teleported next to
                  | monsters. [potion of mutation]
  2440 | D:4      | Gained mutation: You are strong-willed. (Will+) [potion of
                  | mutation]
  2443 | D:4      | Killed from afar by an orc priest

Illustrated notes

Levels and vault maps discovered:
D:1:      kennysheep_arrival_forest, layout_loops_cross,
          minmay_misc_feat_four_crosses, minivault_27
D:2:      layout_basic, uniq_crazy_yiuf_cottage
D:3:      layout_rooms, mainiacjoe_overflow_cross_hatched,
          grunt_gozag_breadcrumbs
D:4:      layout_cave_pods, marbit_many_paths, mainiacjoe_overflow_tiny_flanked,
          gammafunk_ghost_split

Skill      XL: |  1  2  3  4  5 |
---------------+----------------+-----
Short Blades   | 3 4 |  4.1
Dodging        | 2 3 |  3.0
Stealth        | 6 |  6.3
Fighting       | 3 |  3.3
Throwing       | |  2.1

Action                     |  1- 3 |  4- 6 || total
---------------------------+-------+-------++-------
  Melee: Dagger            |    78 |    50 ||   128
         Punch             |       |     1 ||     1
    Use: Potion            |       |     2 ||     2
   Stab: Sleeping          |    25 |     7 ||    32
         Distracted        |     1 |       ||     1
 Armour: Robe              |     6 |    15 ||    21
  Dodge: Dodged            |    35 |    37 ||    72

Table legend: (Time is in decaauts)
 A = Elapsed time spent in this place.
 B = Non-inter-level travel time spent in this place.
 C = Inter-level travel time spent in this place.
 D = Time resting spent in this place.
 E = Time spent auto-exploring this place.
 F = Levels seen in this place.
 G = Mean time per level.
                   A        B        C        D        E       F      G
               +--------+--------+--------+--------+--------+-----+--------+
         Total |   2420 |   2371 |     49 |      0 |   2035 |   4 |  605.0 |
       Dungeon |   2420 |   2371 |     49 |      0 |   2035 |   4 |  605.0 |
               +--------+--------+--------+--------+--------+-----+--------+

Top non-repeatable levels by time:
     D:2: 1011 daAuts
     D:1: 754 daAuts
     D:3: 628 daAuts
     D:4: 25 daAuts
